Map: [ESL] Hard Lead

Players

Cure - Winner!

  • Race: Terran Terran
  • Spawn Location: 5:00

Oliveira

  • Race: Terran Terran
  • Spawn Location: 11:00

Event: IEM Katowice 2024

VOD

Have the link to the VOD?

Description

Time

  • Played on: Feb. 9, 2024, 6:05 a.m.
  • Length: 11:34

All games in this series

Show
View Real Time Build Order
Export as new Build Order

Cure Terran - Winner!

Build Orders: Cyclone Opening 

Get SALT Encoding   

  12  0:00  SCV  
  13  0:12  SCV  
  14  0:17  Supply Depot  
  14  0:24  SCV  
  15  0:38  SCV  
  15  0:39  Barracks  
  15  0:42  Refinery  
  16  0:50  SCV  
  16  0:52  Refinery  
  17  1:02  SCV  
  18  1:15  SCV  
  19  1:26  Reaper  
  19  1:27  Orbital Command  
  19  1:30  Supply Depot  
  20  1:40  Factory  
  20  1:52  SCV  
  21  1:58  Reaper  
  22  2:05  SCV  
  23  2:15  Command Center  
  23  2:18  SCV  
  24  2:24  Cyclone  
  26  2:30  SCV  
  26  2:35  Starport  
  27  2:41  Barracks Reactor  
  27  2:43  SCV  
  28  2:47  Supply Depot  
  28  2:55  SCV  
  28  3:00  Cyclone  
  30  3:07  SCV  
  31  3:15  Medivac  
  31  3:17  Refinery  
  34  3:20  SCV  
  34  3:26  Barracks Tech Lab  
  34  3:27  Orbital Command  
  34  3:32  SCV  
  35  3:40  Cyclone x2  
  39  3:44  SCV  
  40  3:53  SCV, Supply Depot  
  41  3:56  Raven, SCV  
  44  4:04  Interference Matrix  
  44  4:05  SCV  
  44  4:08  SCV  
  46  4:16  Cyclone x2  
  50  4:20  SCV x2  
  50  4:22  Barracks Tech Lab  
  46  4:32  SCV x2  
  46  4:33  Raven, Supply Depot  
  50  4:44  SCV  
  50  4:45  SCV  
  53  4:47  Command Center  
  53  4:49  Cyclone  
  53  4:51  Cyclone  
  56  4:56  SCV, Marine  
  56  4:57  SCV  
  53  5:09  SCV x2  
  53  5:14  Raven, Marine  
  57  5:21  Supply Depot, SCV x2  
  60  5:23  Refinery  
  60  5:25  Cyclone  
  62  5:29  Cyclone  
  62  5:32  Marine  
  62  5:33  SCV x2  
  66  5:40  Stimpack  
  66  5:45  SCV x2  
  68  5:54  Marine  
  68  5:55  Starport Reactor  
  69  5:57  SCV x2  
  69  5:58  Barracks  
  71  6:05  Barracks  
  71  6:09  SCV x2  
  71  6:10  Engineering Bay  
  73  6:11  Engineering Bay  
  73  6:12  Orbital Command  
  73  6:13  Marine  
  73  6:15  Siege Tank  
  77  6:21  SCV x2  
  79  6:31  Marine  
  79  6:32  Barracks  
  80  6:34  SCV x2  
  80  6:35  Barracks  
  80  6:38  Terran Infantry Weapons Level 1, Supply Depot  
  80  6:39  Starport Reactor  
  82  6:40  Terran Infantry Armor Level 1  
  82  6:47  SCV x2  
  84  6:49  Siege Tank  
  84  6:53  Marine x2  
  84  6:54  Marine x2  
  91  6:55  Supply Depot  
  91  6:59  SCV x2  
  93  7:05  Orbital Command  
  91  7:11  Marine x5  
  91  7:12  SCV x2  
  98  7:20  Barracks Reactor, Medivac x2  
  98  7:21  Combat Shield  
  102  7:25  Supply Depot x2  
  102  7:26  SCV  
  102  7:27  SCV  
  104  7:32  SCV  
  104  7:34  Barracks Reactor, Marine x4  
  109  7:39  Supply Depot  
  109  7:44  Siege Tank, Marine  
  109  7:47  SCV  
  109  7:48  SCV x2  
  109  7:52  Marine x4  
  102  8:00  Marine x2, SCV x3  
  102  8:01  Medivac  
  102  8:02  Marine  
  108  8:09  Marine  
  108  8:12  Marine x5, SCV  
  113  8:13  Medivac  
  113  8:18  Marine x2, Refinery  
  117  8:20  Refinery  
  117  8:21  Siege Tank, Sensor Tower  
  120  8:27  SCV x3  
  120  8:29  Marine x2  
  120  8:30  Marine x3  
  120  8:31  Medivac  
  129  8:39  Supply Depot, Armory, Marine x3  
  129  8:40  Supply Depot  
  132  8:46  Marine  
  133  9:01  Siege Tank, SCV x3, Marine x4  
  143  9:03  Viking x2, Barracks Reactor  
  143  9:07  Supply Depot  
  143  9:08  Factory, Marine x2  
  149  9:11  Marine  
  148  9:21  Command Center  
  147  9:25  Marine x4  
  147  9:26  Marine x2  
  147  9:32  Marine x2  
  147  9:33  Siege Tank  
  152  9:38  Viking x2  
  152  9:43  SCV  
  152  9:45  SCV  
  157  9:46  SCV, Marine x3  
  157  9:47  Marine x4  
  152  10:01  Marine x3  
  152  10:03  Siege Tank  
  152  10:06  Marine x2  
  152  10:07  Marine  
  157  10:09  Viking  
  157  10:11  Marine x4  
  155  10:21  Marine x2  
  155  10:25  Supply Depot  
  155  10:27  Marine x4  
  157  10:36  Marine x4  
  157  10:38  Siege Tank  
  157  10:39  Marine x2  
  166  10:45  Marine x4  
  166  10:46  SCV x2  
  166  10:47  SCV  
  152  10:53  Marine x2  
  152  10:54  Marine x2  
  152  10:56  Marine x2  
  149  10:58  SCV  
  149  10:59  Viking, SCV x2  
  149  11:00  Viking  
  158  11:08  Marine x4  
  157  11:12  SCV x3  
Show
View Real Time Build Order
Export as new Build Order

Oliveira Terran 

Build Orders: Cyclone Opening 

Get SALT Encoding   

  12  0:00  SCV  
  13  0:12  SCV  
  14  0:17  Supply Depot  
  14  0:24  SCV  
  15  0:38  SCV  
  15  0:40  Barracks  
  16  0:44  Refinery  
  16  0:51  SCV  
  16  0:52  Refinery  
  17  1:03  SCV  
  18  1:15  SCV  
  19  1:28  Orbital Command, Reaper  
  19  1:30  Supply Depot  
  20  1:42  Factory  
  20  1:53  SCV  
  21  2:00  Reaper  
  22  2:05  SCV  
  23  2:18  Command Center  
  23  2:21  SCV  
  24  2:28  Cyclone  
  26  2:33  Barracks Reactor, SCV  
  27  2:40  Supply Depot  
  27  2:45  SCV  
  28  2:53  Starport  
  27  3:01  SCV  
  27  3:13  Cyclone x2, SCV  
  32  3:26  SCV  
  33  3:30  Medivac  
  35  3:38  SCV  
  36  3:43  Orbital Command  
  36  3:45  Refinery  
  36  3:47  Cyclone  
  38  3:49  Cyclone  
  38  3:50  SCV  
  41  4:01  Starport Tech Lab  
  41  4:03  SCV  
  41  4:09  SCV  
  43  4:15  SCV  
  42  4:22  Cyclone x2, SCV  
  45  4:27  SCV  
  45  4:30  Raven  
  48  4:36  Command Center  
  48  4:40  SCV  
  48  4:41  SCV  
  50  4:45  Supply Depot  
  50  4:52  Interference Matrix  
  50  4:53  SCV x2  
  50  4:59  Cyclone  
  54  5:07  Cyclone, SCV  
  54  5:08  SCV  
  54  5:10  Raven  
  60  5:17  Barracks Tech Lab  
  60  5:22  SCV x2, Supply Depot  
  61  5:34  SCV  
  62  5:37  Stimpack  
  62  5:40  Barracks  
  62  5:43  Cyclone, Marine, Supply Depot, SCV  
  62  5:45  Barracks  
  62  5:46  SCV  
  62  5:48  Raven  
  69  5:52  Orbital Command  
  69  5:56  SCV  
  70  5:58  SCV  
  70  6:00  Refinery  
  70  6:02  Marine  
  72  6:08  SCV  
  73  6:12  Engineering Bay x2  
  73  6:17  Orbital Command  
  73  6:19  SCV  
  73  6:20  SCV  
  73  6:22  Factory Tech Lab, Marine  
  76  6:29  Barracks  
  76  6:31  Barracks, SCV  
  76  6:32  SCV  
  78  6:34  Starport Reactor  
  78  6:37  Barracks Reactor  
  78  6:38  Siege Tank  
  78  6:39  Marine x2  
  82  6:42  SCV  
  82  6:43  SCV, Supply Depot  
  82  6:44  SCV  
  86  6:48  Terran Infantry Weapons Level 1, Terran Infantry Armor Level 1  
  86  6:51  Marine  
  87  6:54  SCV  
  87  6:56  SCV  
  87  6:57  Marine  
  90  7:08  Marine  
  89  7:09  SCV  
  89  7:11  Marine  
  89  7:12  Siege Tank  
  89  7:13  Medivac  
  89  7:15  SCV  
  97  7:16  SCV  
  97  7:18  Barracks Reactor x2, Supply Depot  
  97  7:19  Marine x2, Supply Depot  
  100  7:25  Supply Depot  
  100  7:26  Combat Shield, SCV  
  101  7:33  SCV x2, Marine x2, Refinery  
  101  7:36  Marine  
  106  7:37  Marine  
  106  7:39  SCV  
  106  7:45  Marine  
  106  7:48  Siege Tank  
  106  7:51  Marine x2  
  101  7:54  Marine  
  92  8:01  Marine x2  
  92  8:03  Marine  
  92  8:04  Marine x2  
  92  8:05  Medivac x2, Marine  
  98  8:08  Marine x2  
  98  8:10  SCV x2  
  98  8:12  Marine  
  105  8:13  Command Center, Armory  
  105  8:15  SCV  
  105  8:16  Refinery  
  105  8:17  Sensor Tower  
  105  8:19  Marine  
  107  8:21  Marine  
  107  8:22  Marine, SCV  
  107  8:24  Siege Tank  
  113  8:27  SCV  
  113  8:28  SCV  
  113  8:29  Marine  
  113  8:31  Marine  
  113  8:33  Marine  
  113  8:34  Marine x2  
  119  8:38  Marine  
  119  8:39  Marine  
  119  8:40  Marine  
  124  8:45  Viking  
  124  8:46  SCV  
  124  8:47  Marine  
  128  8:49  Marine  
  128  8:50  Supply Depot, SCV  
  128  8:52  Supply Depot  
  129  8:58  Marine x2  
  129  8:59  Marine x2  
  129  9:00  Siege Tank  
  132  9:03  Terran Infantry Weapons Level 2  
  132  9:08  Terran Infantry Armor Level 2  
  132  9:09  Marine  
  133  9:11  Marine  
  134  9:17  Marine  
  134  9:20  Marine x2  
  134  9:22  Marine  
  138  9:25  Marine  
  138  9:26  Marine  
  138  9:29  Marine  
  138  9:30  Marine  
  138  9:31  Viking x2  
  138  9:35  Supply Depot, SCV x3  
  146  9:42  Siege Tank  
  146  9:43  Factory  
  146  9:44  Marine  
  146  9:47  Marine  
  146  9:48  Marine  
  146  9:49  Barracks Reactor  
  146  9:50  Marine  
  146  9:51  Marine, SCV  
  143  9:54  Marine x2  
  143  9:59  Marine  
  142  10:02  Marine  
  142  10:05  Marine  
  142  10:06  Marine  
  135  10:07  Marine  
  135  10:08  Marine, SCV  
  135  10:10  Medivac x2  
  135  10:14  Marine, Supply Depot x2  
  142  10:17  Marine  
  142  10:18  Marine  
  142  10:19  Marine  
  146  10:23  Marine  
  146  10:24  Siege Tank  
  146  10:25  Marine  
  146  10:27  Marine  
  152  10:31  Marine  
  152  10:35  Marine  
  148  10:36  Marine  
  148  10:37  Marine  
  148  10:40  Siege Tank  
  145  10:46  Marine x3  
  145  10:47  Marine  
  145  10:48  Marine  
  145  10:49  Marine  
  137  10:51  Marine  
  137  10:53  Marine  
  137  10:54  Medivac x2, Marine  
  119  10:57  Siege Tank  
  119  11:01  Marine  
  123  11:04  Marine  

Tags
 
Add a new tag
Caveats
  • Supply blocks, unpowered buildings, or Contaminate may cause inaccurate times.
  • Supply counts are checked every 10 seconds.